Map: Ever Dream LE

Players

antagomiR - Winner!

  • Race: Protoss Protoss
  • League: Gold
  • Spawn Location: 7:00

Doctor

  • Race: Terran Terran
  • League: Silver
  • Spawn Location: 1:00

VOD

Have the link to the VOD?

Description

Time

  • Played on: April 6, 2020, 1:38 a.m.
  • Length: 26:07
Show
View Real Time Build Order
Export as new Build Order

antagomiR Protoss - Winner!

Build Orders: 1 Gate Expand, Blink Stalkers 

Get SALT Encoding   

  12  0:02  Probe  
  14  0:14  Probe  
  14  0:20  Pylon  
  14  0:26  Probe  
  15  0:41  Gateway  
  15  0:43  Probe  
  16  0:53  Assimilator  
  16  0:55  Probe  
  17  1:07  Probe  
  18  1:19  Probe  
  19  1:31  Probe  
  20  1:40  Nexus  
  20  1:41  Cybernetics Core  
  20  1:49  Pylon  
  20  1:56  Assimilator  
  20  1:58  Probe  
  20  2:10  Probe  
  21  2:15  Warp Gate (Chrono Boost)  
  21  2:21  Adept  
  21  2:22  Probe  
  24  2:34  Probe  
  25  2:45  Twilight Council  
  25  2:46  Probe  
  25  2:51  Stalker  
  28  2:55  Pylon  
  28  2:58  Probe x2  
  30  3:10  Probe x2  
  32  3:16  Shield Battery  
  32  3:19  Blink (Chrono Boost)  
  32  3:22  Probe x2  
  34  3:35  Probe x2  
  36  3:47  Probe x2  
  38  3:59  Probe x2  
  38  4:00  Gateway  
  40  4:05  Gateway  
  40  4:07  Stalker  
  42  4:11  Probe  
  42  4:12  Probe  
  44  4:20  Pylon  
  44  4:24  Probe x2  
  46  4:28  Robotics Facility  
  46  4:36  Probe x2  
  48  4:47  Stalker  
  48  4:48  Probe x2  
  48  4:49  Pylon  
  52  4:54  Pylon  
  52  4:56  Sentry  
  54  5:02  Probe x2  
  56  5:07  Pylon  
  56  5:14  Probe x2  
  58  5:17  Stalker x2  
  58  5:18  Nexus  
  62  5:26  Probe  
  59  5:46  Stalker x2  
  59  5:47  Stalker  
  65  5:50  Probe x2  
  61  6:02  Probe x2  
  57  6:14  Probe  
  57  6:15  Probe, Stalker x3  
  63  6:41  Stalker x2  
  63  6:42  Stalker  
  63  6:43  Gateway  
  63  6:46  Gateway  
  69  7:13  Assimilator  
  69  7:15  Stalker  
  69  7:41  Gateway  
  69  7:42  Gateway  
  69  7:48  Robotics Facility  
  69  7:52  Stalker  
  69  7:53  Stalker x2  
  75  8:01  Probe x3  
  78  8:08  Assimilator  
  78  8:13  Probe x2  
  77  8:36  Stalker x2  
  77  8:37  Stalker  
  81  9:06  Robotics Bay  
  81  9:08  Probe x2  
  81  9:09  Probe  
  84  9:14  Assimilator  
  84  9:20  Probe  
  85  9:25  Pylon  
  85  9:28  Pylon  
  85  9:29  Pylon  
  85  9:33  Forge  
  85  9:34  Forge  
  85  9:43  Probe  
  85  9:44  Observer  
  87  9:47  Sentry  
  87  9:49  Sentry x2  
  93  9:54  Stalker  
  93  9:58  Zealot  
  97  10:05  Observer  
  98  10:07  Probe x3, Extended Thermal Lance (Chrono Boost)  
  101  10:19  Probe x2  
  103  10:21  Assimilator  
  103  10:35  Nexus  
  103  10:36  Pylon  
  103  10:38  Pylon, Shield Battery  
  103  10:44  Pylon  
  103  10:45  Shield Battery  
  103  10:46  Pylon  
  103  10:48  Stalker x2  
  103  10:49  Stalker  
  109  11:02  Probe x3  
  112  11:11  Protoss Ground Weapons Level 1  
  112  11:13  Pylon  
  112  11:14  Probe, Protoss Ground Armor Level 1  
  112  11:15  Pylon  
  113  11:18  Pylon  
  113  11:20  Pylon  
  113  11:24  Stalker x2  
  113  11:25  Stalker x2  
  119  11:27  Sentry  
  123  11:49  Probe x2  
  123  11:50  Probe  
  126  11:58  Probe  
  127  12:01  Probe  
  127  12:02  Probe x2  
  127  12:06  Shield Battery  
  127  12:07  Shield Battery  
  130  12:09  Photon Cannon  
  130  12:11  Photon Cannon  
  130  12:13  Photon Cannon  
  130  12:14  Phoenix  
  130  12:16  Photon Cannon  
  130  12:19  Stalker x4  
  130  12:20  Photon Cannon, Sentry  
  130  12:21  Colossus (Chrono Boost)  
  146  12:48  Probe  
  146  12:49  Probe x3  
  150  12:57  Assimilator  
  150  12:59  Assimilator  
  150  13:01  Probe x3  
  154  13:08  Stalker x2  
  154  13:09  Stalker x3  
  163  13:15  Colossus (Chrono Boost)  
  169  13:52  Zealot x4  
  177  13:57  Colossus (Chrono Boost)  
  177  14:02  Twilight Council  
  183  14:19  Stargate  
  183  14:20  Stargate  
  183  14:23  Photon Cannon  
  175  14:43  Disruptor  
  164  14:48  Stalker  
  164  14:49  Stalker x3  
  164  14:50  Stalker  
  168  15:19  Disruptor  
  171  15:27  Stalker x3  
  171  15:28  Stalker x2  
  181  15:55  Disruptor  
  184  16:13  Nexus  
  184  16:16  Pylon  
  184  16:17  Stalker x2  
  184  16:18  Pylon  
  188  16:34  Colossus  
  188  16:35  Pylon  
  188  16:36  Pylon  
  188  16:38  Pylon, Shield Battery  
  194  16:42  Pylon  
  194  16:45  Fleet Beacon  
  194  16:52  Stalker  
  194  16:53  Stalker x2  
  123  18:11  Stalker  
  123  18:12  Stalker x4  
  113  18:14  Colossus  
  113  18:26  Tempest x2  
  123  18:41  Gateway  
  123  18:42  Gateway  
  123  18:44  Gateway, Stalker x3  
  123  18:45  Stalker x2  
  123  18:47  Gateway  
  133  18:50  Gateway  
  133  18:53  Gateway  
  133  18:57  Photon Cannon  
  133  18:59  Photon Cannon  
  133  19:00  Photon Cannon  
  133  19:04  Photon Cannon  
  133  19:07  Colossus, Unknown  
  133  19:09  Tempest x2  
  149  19:24  Colossus  
  149  19:37  Sentry x3  
  149  19:38  Stalker x3  
  159  19:39  Stalker  
  163  19:52  Tempest x2  
  173  19:56  Stalker  
  173  19:57  Stalker x3  
  181  20:01  Colossus  
  181  20:05  Protoss Ground Weapons Level 2 (Chrono Boost)  
  181  20:07  Protoss Ground Armor Level 2 (Chrono Boost)  
  187  20:34  Tempest  
  187  20:35  Carrier  
  198  20:39  Stalker  
  178  22:07  Stalker x3  
  178  22:08  Stalker  
  146  22:10  Tempest x2  
  146  22:12  Colossus  
  130  22:25  Stalker x2  
  130  22:26  Stalker  
  130  22:27  Sentry x3, Stalker  
  144  22:44  Stalker  
  144  22:45  Stalker x3  
  152  22:52  Tempest  
  152  22:53  Tempest  
  152  22:56  Zealot x2  
  152  22:57  Zealot x3  
  172  22:58  Stalker x2  
  172  22:59  Charge (Chrono Boost)  
  176  23:05  Colossus  
  182  23:17  Stalker x3  
  182  23:18  Sentry  
  182  23:19  Stalker x3  
  149  25:19  Stalker x2  
  149  25:20  Stalker x3  
  159  25:35  Stalker x3  
  171  25:36  Stalker x3  
Show
View Real Time Build Order
Export as new Build Order

Doctor Terran 

Build Orders:  

Get SALT Encoding   

  12  0:01  SCV  
  13  0:19  Supply Depot  
  13  0:20  SCV  
  14  0:28  Refinery  
  14  0:33  SCV  
  15  0:45  Barracks  
  15  0:58  SCV  
  16  1:08  Barracks  
  16  1:13  SCV  
  17  1:26  SCV  
  18  1:34  Marine  
  18  1:39  Refinery  
  19  1:44  Supply Depot  
  19  1:55  Factory  
  19  1:56  Marine  
  20  2:01  Barracks Reactor  
  20  2:14  Orbital Command  
  20  2:16  Marine  
  21  2:40  Starport  
  21  2:42  Factory Reactor  
  21  2:43  Marine x2  
  23  2:48  Marine  
  24  2:57  Supply Depot  
  24  3:02  SCV  
  25  3:06  Marine x2  
  25  3:09  Marine  
  28  3:28  Marine x2  
  28  3:29  Marine  
  31  3:35  Medivac  
  31  3:38  Supply Depot  
  31  3:39  Medivac  
  35  3:44  Factory Tech Lab  
  35  3:46  SCV  
  36  3:52  Marine  
  37  4:02  Marine x2  
  39  4:17  Marine  
  39  4:22  Siege Tank  
  43  4:34  Marine x2  
  43  4:36  Medivac  
  47  4:45  Supply Depot  
  47  5:07  Marine x3, SCV  
  48  5:52  Marine  
  48  5:53  Marine x2  
  48  5:54  Viking  
  48  5:55  Siege Tank  
  53  6:28  Marine  
  54  6:42  Marine  
  55  6:48  Marine, Medivac  
  55  6:49  Supply Depot  
  55  6:51  Barracks  
  36  7:31  Marine  
  36  7:33  Marine x2  
  36  7:35  Viking  
  40  7:49  Marine  
  41  7:51  Siege Tank  
  41  7:53  Marine x2  
  46  8:07  Marine  
  42  8:40  Siege Tank  
  42  8:42  Barracks Tech Lab  
  42  8:44  Marine x2  
  42  8:45  Marine  
  45  8:49  Medivac  
  45  8:50  Medivac  
  49  9:07  Command Center  
  49  9:13  Marauder  
  49  9:15  Combat Shield  
  51  9:25  Marine  
  51  9:27  Marine x2  
  54  9:32  Medivac  
  56  9:39  Marauder  
  56  9:43  Marine  
  56  9:44  Marine x2  
  61  9:57  Bunker  
  61  10:03  Refinery  
  61  10:16  Marine  
  61  10:17  Marauder  
  61  10:18  Marine x2  
  61  10:20  Viking  
  68  10:25  Orbital Command  
  68  10:31  SCV  
  69  10:42  Marine, Refinery  
  69  10:44  Marauder  
  69  10:46  Cyclone  
  69  10:49  Marine x2  
  77  11:02  Factory  
  77  11:27  Viking  
  77  11:28  Viking, Command Center  
  77  11:29  Marine x2  
  77  11:31  Cyclone  
  86  11:42  Supply Depot  
  86  11:44  Supply Depot  
  86  11:55  Concussive Shells  
  86  12:02  Engineering Bay  
  86  12:03  Marine  
  86  12:04  Marauder  
  86  12:05  Engineering Bay  
  86  12:07  Medivac x2  
  93  12:13  Widow Mine  
  95  12:19  Marine x2  
  95  12:21  Marine  
  98  12:25  Marauder  
  100  12:38  Terran Infantry Weapons Level 1, Terran Infantry Armor Level 1  
  100  12:39  Marine  
  101  12:46  SCV, Marauder  
  104  12:54  SCV  
  104  12:56  Marine  
  106  12:58  SCV  
  106  13:05  Marine x2  
  107  13:08  Marauder  
  111  13:14  Marine  
  112  13:34  Siege Tank  
  115  13:44  Armory  
  115  13:48  SCV  
  115  13:49  Armory  
  115  13:51  Planetary Fortress  
  116  13:56  Factory Tech Lab  
  116  14:00  SCV  
  117  14:14  Refinery  
  76  14:46  Thor  
  76  14:47  Thor  
  67  14:53  Marine  
  67  14:54  Marine  
  67  14:55  Viking  
  67  14:56  Viking  
  67  14:57  Marine  
  67  14:58  Marine  
  71  15:13  SCV  
  72  15:33  Terran Infantry Weapons Level 2  
  72  15:34  Terran Infantry Armor Level 2  
  72  15:36  Terran Vehicle Weapons Level 1  
  72  15:38  Terran Vehicle And Ship Armor Level 1  
  72  15:40  Thor  
  78  15:46  SCV  
  79  16:01  Thor  
  85  16:24  Fusion Core  
  85  16:27  Raven  
  87  16:37  Thor  
  93  17:14  Command Center  
  93  17:20  Thor x2  
  105  17:28  Supply Depot  
  105  17:30  Supply Depot x2  
  105  17:35  SCV  
  89  17:47  SCV  
  59  18:30  Battlecruiser  
  65  18:37  Starport  
  65  18:39  Thor  
  71  18:42  Thor  
  77  18:48  Terran Ship Weapons Level 1  
  77  18:57  SCV  
  77  19:02  SCV  
  79  19:06  Refinery  
  79  19:07  SCV  
  80  19:10  Refinery  
  80  19:14  SCV  
  81  19:17  Refinery  
  81  19:19  SCV  
  82  19:30  Starport Tech Lab  
  82  19:35  Orbital Command  
  82  19:44  SCV  
  83  19:48  SCV  
  84  20:01  Battlecruiser  
  84  20:02  Battlecruiser  
  96  20:18  Marine x2  
  98  20:24  Hi-Sec Auto Tracking  
  98  20:27  Neosteel Armor  
  98  20:31  Terran Vehicle And Ship Armor Level 2  
  98  20:38  SCV  
  99  20:57  Command Center  
  99  21:01  Thor  
  99  21:03  Command Center  
  105  21:06  Thor  
  111  21:20  SCV  
  111  21:22  SCV  
  114  21:47  Battlecruiser  
  102  22:11  Refinery  
  83  22:16  Unknown  
  82  22:23  Thor  
  82  22:24  Thor  
  82  22:27  SCV  
  95  22:47  SCV  
  95  22:51  SCV  
  97  22:53  SCV  
  98  23:12  Factory  
  98  23:18  SCV  
  99  23:22  Sensor Tower  
  99  23:26  SCV  
  100  23:30  SCV  
  100  23:32  Thor  
  100  23:33  Thor  
  113  23:38  SCV  
  113  23:41  Raven x2  
  116  23:46  Terran Vehicle Weapons Level 2  
  116  23:48  Terran Ship Weapons Level 2  
  118  23:57  Factory Tech Lab  
  118  24:15  Thor x3  
  118  24:20  Thor  
  124  24:30  Battlecruiser x2  
  96  25:06  Siege Tank  
  52  25:32  SCV  
  55  25:44  SCV  
Tags
 
Composition
Blink Stalkers
Matchup
PvT
Replay Pack
20200422
Spawn Locations
Cross Positions
Add a new tag
Caveats
  • Supply blocks, unpowered buildings, or Contaminate may cause inaccurate times.
  • Supply counts are checked every 10 seconds.